 Dungeon Crawl Stone Soup version 0.23-a0-143-g1adec7b (webtiles) character file.

217348 mopl the Phalangite (level 19, -16/153 HPs)
             Began as a Merfolk Abyssal Knight on Sept 5, 2018.
             Was a High Priest of Lugonu.
             Demolished by an earth elemental (33 damage)
             ... summoned by a deep elf elementalist
             ... on level 3 of the Elven Halls.
             The game lasted 01:48:49 (46142 turns).

mopl the Phalangite (Merfolk Abyssal Knight)       Turns: 46142, Time: 01:48:49

Health: -16/153    AC: 11    Str: 17    XL:     19   Next: 8%
Magic:  30/30      EV: 39    Int: 16    God:    Lugonu [*****.]
Gold:   1260       SH:  0    Dex: 17    Spells: 14/18 levels left

rFire    + . .     SeeInvis +   a - +4 bardiche (venom)
rCold    + . .     Gourm    .   (shield currently unavailable)
rNeg     + . .     Faith    .   U - +0 troll leather armour
rPois    +         Spirit   .   u - +2 helmet
rElec    .         Reflect  .   C - scarf {rC+ rF+}
rCorr    .         Harm     .   y - +0 pair of gloves
MR       ++...                  V - +2 pair of boots of Beogh's Generosity {rN+}
Stlth    ++........             B - amulet of the acrobat
HPRegen  0.75/turn              S - ring of poison resistance
MPRegen  0.22/turn              T - ring of Ijairph {MR+ SInv Stlth+, =R}

@: brilliant
A: change form in water, swift swim, stealthy swim
}: 1/15 runes: barnacled
a: Depart the Abyss, Bend Space, Banish, Corrupt, Enter the Abyss, Renounce
Religion


You were on level 3 of the Elven Halls.
You worshipped Lugonu.
Lugonu was extremely pleased with you.
You were not hungry.

You visited 5 branches of the dungeon, and saw 30 of its levels.
You visited the Abyss 3 times.
You also visited: Volcano.

You collected 3368 gold pieces.
You spent 2108 gold pieces at shops.

Inventory:

Hand Weapons
 a - a +4 bardiche of venom (weapon)
 b - a +1 trident of venom
Missiles
 e - 13 throwing nets (quivered)
 o - 2 needles of confusion
 r - 8 curare-tipped needles
 G - 108 tomahawks
 J - 16 poisoned javelins
 Q - 3 exploding tomahawks
Armour
 u - a +2 helmet (worn)
 y - a +0 pair of gloves (worn)
 C - a scarf of resistance (worn)
 U - a +0 troll leather armour (worn)
 V - the +2 pair of boots of Beogh's Generosity (worn) {rN+}
   (You acquired it on level 1 of the Elven Halls)

   It protects you from negative energy.
Jewellery
 k - an uncursed ring of resist corrosion
 B - an amulet of the acrobat (around neck)
 I - the amulet of Eternal Harmony {Spirit Dex+4}
   (You took it off a deep elf death mage on level 3 of the Elven Halls)

   [amulet of guardian spirit]

   It causes incoming damage to be split between your health and magic.
   It affects your dexterity (+4).
 S - a ring of poison resistance (left hand)
 T - the ring of Ijairph (right hand) {MR+ SInv Stlth+, =R}
   (You bought it in a shop on level 2 of the Shoals)

   [ring of see invisible]

   It affects your resistance to hostile enchantments.
   It lets you see invisible.
   It makes you more stealthy.
Wands
 i - a wand of random effects (23)
 m - a wand of paralysis (9)
 p - a wand of clouds (10)
 A - a wand of flame (76)
 E - a wand of acid (13)
 F - a wand of iceblast (11)
 L - a wand of polymorph (38)
 M - a wand of digging (45)
 R - a wand of enslavement (24)
 X - a wand of scattershot (5)
Scrolls
 d - 10 scrolls of magic mapping
 f - 5 scrolls of identify
 g - 20 scrolls of remove curse
 l - 2 scrolls of fog
 s - 8 scrolls of blinking
 v - 18 scrolls of teleportation
 w - 6 scrolls of fear
 x - a scroll of amnesia
 D - a scroll of holy word
 K - 6 scrolls of vulnerability
Potions
 h - 4 potions of haste
 j - 2 potions of brilliance
 n - 5 potions of agility {!q}
 t - 7 potions of cancellation
 z - 4 potions of might
 H - 6 potions of resistance
 P - 6 potions of curing
 W - 4 potions of lignification {!q}
Comestibles
 c - 62 rations


   Skills:
 + Level 14.7 Fighting
 * Level 23.6 Polearms
 + Level 13.3 Throwing
 - Level 0.6 Armour
 + Level 16.9 Dodging
 - Level 15.0 Invocations
 - Level 10.0 Evocations


You had 14 spell levels left.
You knew the following spells:

 Your Spells              Type           Power        Failure   Level  Hunger
c - Corpse Rot            Necr           N/A          5%          2    ###....
e - Blink                 Tloc           N/A          5%          2    ###....

Your spell library contained the following spells:

 Spells                   Type           Power        Failure   Level  Hunger
 Confusing Touch          Hex            #.....       3%          1    ##.....
 Freeze                   Ice            #...         3%          1    ##.....
 Infusion                 Chrm           #...         3%          1    ##.....
 Magic Dart               Conj           #...         3%          1    ##.....
 Call Imp                 Summ           #.......     5%          2    ###....
 Poisonous Vapours        Pois/Air       #.....       5%          2    ###....
 Searing Ray              Conj           #.....       5%          2    ###....
 Slow                     Hex            #.......     5%          2    ###....
 Sublimation of Blood     Necr           #.........   5%          2    ###....
 Swiftness                Chrm/Air       #.......     5%          2    ###....
 Throw Frost              Conj/Ice       #.....       5%          2    ###....
 Confuse                  Hex            #.......     10%         3    ####...
 Conjure Flame            Conj/Fire      #.......     10%         3    ####...
 Dazzling Spray           Conj/Hex       #.....       10%         3    ####...
 Gell's Gravitas          Tloc           #.........   10%         3    ####...
 Mephitic Cloud           Conj/Pois/Air  #.......     10%         3    ####...
 Ozocubu's Armour         Chrm/Ice       #.......     10%         3    ####...
 Teleport Other           Tloc           #.......     10%         3    ####...
 Force Lance              Conj/Tloc      #.......     28%         4    #####..
 Fulminant Prism          Conj/Hex       #.........   28%         4    #####..
 Iskenderun's Mystic Bla  Conj           #.......     28%         4    #####..
 Petrify                  Tmut/Erth      #.......     28%         4    #####..
 Summon Ice Beast         Ice/Summ       #.......     28%         4    #####..
 Throw Icicle             Conj/Ice       #.......     28%         4    #####..
 Agony                    Necr           #.......     56%         5    ######.
 Bolt of Draining         Conj/Necr      #.........   56%         5    ######.
 Bolt of Magma            Conj/Fire/Erth #.........   56%         5    ######.
 Dispel Undead            Necr           #.......     56%         5    ######.
 Excruciating Wounds      Chrm/Necr      #.........   56%         5    ######.
 Iskenderun's Battlesphe  Conj/Chrm      #.......     56%         5    ######.
 Metabolic Englaciation   Hex/Ice        #.........   56%         5    ######.
 Venom Bolt               Conj/Pois      #.........   56%         5    ######.
 Yara's Violent Unravell  Hex/Tmut       #.........   56%         5    ######.
 Dispersal                Tloc           #.........   96%         6    #######
 Freezing Cloud           Conj/Ice/Air   #.........   96%         6    #######
 Iron Shot                Conj/Erth      #.........   96%         6    #######
 Orb of Destruction       Conj           #.........   100%        7    #######
 Ring of Flames           Chrm/Fire      #.........   100%        7    #######
 Spellforged Servitor     Conj/Summ      #.........   100%        7    #######
 Controlled Blink         Tloc           N/A          100%        8    #######


Dungeon Overview and Level Annotations

Branches:
Dungeon (15/15)            Temple (0/1) D:7            Lair (6/6) D:8
 Shoals (4/4) Lair:2       Spider (0/4) Lair:2        Slime (0/5) Lair:5
    Orc (2/2) D:9             Elf (3/3) Orc:2        Vaults (0/5) D:13
 Depths (0/5) D:15

Altars:
Cheibriados
Dithmenos
Elyvilon
Fedhas
Gozag
Makhleb
Okawaru
Uskayaw
Vehumet
Xom
Yredelemnul
Beogh
Jiyva

Shops:
D:4 (   D:8 (   D:11 ?   Orc:2 ==**[((   Elf:1 *   Elf:2 }:=?*   Shoals:2 =

Portals:
Trove: D:12 (give 7 potions of agility)

Annotations:
Elf:1 3 runed doors, exclusion: obsidian statue, Zateod's ghost, adept OgTm


Message History

You hear a shout!
You slice the deep elf blademaster!!
The deep elf blademaster looks as sick as possible!
The deep elf blademaster is almost dead.
The deep elf elementalist is engulfed in freezing vapours.
The deep elf sorcerer struggles against the net.
The deep elf blademaster struggles against the net.
The deep elf elementalist casts a spell at you.
Some walls begin to move on their own!
You hear a shout!
Unknown command.
You slice the deep elf blademaster!!
You kill the deep elf blademaster!
Lugonu accepts your kill.
The deep elf sorcerer struggles against the net. x2
The net rips apart, and the deep elf sorcerer comes free!
The earth elemental closely misses you. The earth elemental hits you!!
* * * LOW HITPOINT WARNING * * *
The earth elemental hits you!!
You die...

..........##.#
#.......#
..........##.#
#.......#
....####..##.#
#..)....#
...#[.)#..##.#
#.......#
...#..)#..##.#
###...###
...#|(?#..##.# ##'####
...####...##.# ##.###.#
..........##.#
##E###.##
#.........##'###@.E#.##
##########[....'E.E.##
# ##.....###)## #
#.).....#)#e# #
#.......)###.# ## #
#.......## #e# #.# #
##.....#######E###.# #
##'...........##.E.# #
##.###########.###E.#


You could see a deep elf sorcerer, a deep elf elementalist and 5 earth
elementals.

Vanquished Creatures
  Asterion (Elf:1)
  A deep elf master archer (Elf:3)
  2 deep elf blademasters
  Polyphemus (Shoals:4)
  Donald (Orc:2)
  3 deep elf sorcerers (Elf:3)
  3 deep elf elementalists
  A stone giant (Orc:1)
  Nessos (Lair:6)
  An entropy weaver (shapeshifter) (D:15)
  Azrael (Elf:1)
  3 deep elf annihilators (Elf:3)
  4 deep elf demonologists
  Snorg (D:14)
  2 deep elf death magi (Elf:3)
  3 merfolk javelineers
  5 merfolk impalers
  A fire dragon (D:15)
  2 deep elf high priests
  A rakshasa (D:14)
  Josephine (D:12)
  A vault guard (D:12)
  2 hydras (Lair:6)
  Harold (D:7)
  2 ice dragons (D:15)
  2 merfolk avatars
  6 catoblepae
  9 two-headed ogres
  A merfolk aquamancer (Shoals:4)
  2 death knights
  30 dancing weapons
  An alligator snapping turtle (Shoals:4)
  3 satyrs
  Erica (D:8)
  2 centaur warriors
  11 death yaks
  An ogre mage (D:15)
  An orc high priest (Elf:1)
  17 deep elf knights
  8 sea snakes
  5 skeletal warriors
  9 unseen horrors
  5 wizards (Volcano)
  14 deep elf archers
  3 phantasmal warriors
  3 orc knights
  Pikel (D:3)
  4 harpies (Shoals:2)
  A wolf spider zombie (D:14)
  A harpy (shapeshifter) (D:15)
  12 ugly things
  4 orc sorcerers
  13 fauns
  14 manticores
  41 deep elf magi
  7 cyclopes
  3 elephants (Lair:4)
  Maurice (D:8)
  3 merfolk sirens (Shoals:4)
  An elephant (shapeshifter) (Elf:2)
  5 toenail golems (Volcano)
  6 black mambas
  2 centaur zombies
  3 gargoyles
  5 water nymphs
  9 spiny frogs
  4 komodo dragons
  2 rime drakes (Shoals:2)
  2 kobold demonologists (D:14)
  A komodo dragon (shapeshifter) (Elf:1)
  An efreet (D:14)
  2 freezing wraiths (D:12)
  2 polar bears
  A hornet (Lair:3)
  11 trolls
  4 wind drakes
  36 merfolk
  Prince Ribbit (D:8)
  3 dream sheep (Shoals:2)
  10 blink frogs
  9 slime creatures
  8 snapping turtles
  6 wraiths
  8 hippogriffs
  4 wyverns
  A spriggan (Lair:3)
  12 water elementals
  2 air elementals
  3 basilisks
  6 fire elementals
  A hog (shapeshifter) (Elf:1)
  7 vampire mosquitoes
  41 yaks
  2 hungry ghosts
  5 steam dragons
  A naga (D:10)
  Edmund (D:4)
  A soldier ant (D:14)
  A warg (Orc:1)
  4 hell hounds (Elf:1)
  13 water moccasins
  2 floating eyes (Elf:2)
  44 orc warriors
  4 sky beasts
  8 porcupines
  A black bear (D:10)
  3 slaves (D:3)
  2 necrophages
  11 ogres
  3 eyes of draining
  33 wolves
  5 boggarts (D:14)
  11 crocodiles
  27 centaurs
  6 big kobolds
  17 bullfrogs
  2 gnoll sergeants (D:9)
  4 earth elementals
  5 scorpions
  A water moccasin skeleton (D:4)
  7 killer bees (D:12)
  7 wights
  3 electric eels
  5 howler monkeys
  7 crimson imps
  4 bullfrog zombies
  3 jellies
  14 orc priests
  2 bullfrog skeletons
  5 centaur skeletons
  5 hounds
  2 quasits
  Crazy Yiuf (D:4)
  13 orc wizards
  5 worker ants
  A hound zombie (D:10)
  A hound skeleton (D:6)
  Robin (D:3)
  4 gnolls
  10 adders
  4 shadow imps
  2 oozes
  An adder skeleton (D:5)
  A dart slug (D:1)
  7 leopard geckos
  72 orcs
  A ball python (D:1)
  13 bats
  6 giant cockroaches
  17 goblins
  10 hobgoblins
  8 jackals
  4 quokkas
  10 frilled lizards
  20 kobolds
  2 leopard gecko skeletons (D:4)
  A quokka skeleton (D:9)
  5 rats
  A butterfly (Lair:4)
  3 plants
1008 creatures vanquished.

Vanquished Creatures (collateral kills)
  2 merfolk impalers (Shoals:4)
2 creatures vanquished.

Vanquished Creatures (others)
  A merfolk javelineer (Shoals:4)
  A hydra (D:14)
  An orc knight (D:9)
  A manticore (Shoals:4)
  A cyclops (Orc:1)
  A deep elf mage (Elf:2)
  A black mamba (Lair:3)
  A spiny frog (Lair:3)
  A wind drake (Shoals:2)
  4 centaurs
  A wight (D:7)
  A gnoll shaman (D:7)
  A worker ant (D:7)
  4 orcs
  7 fungi
  18 plants
45 creatures vanquished.

Grand Total: 1055 creatures vanquished

Notes
Turn   | Place    | Note
-------+----------+-------------------------------------------
     0 | Abyss:1  | mopl the Merfolk Abyssal Knight began the quest for the
                  | Orb.
     0 | Abyss:1  | Reached XP level 1. HP: 18/18 MP: 2/2
    69 | Abyss:1  | Noticed an eye of draining
    96 | Abyss:1  | Killed an eye of draining
    96 | Abyss:1  | Reached skill level 5 in Polearms
    96 | Abyss:1  | Reached skill level 3 in Invocations
    96 | Abyss:1  | Reached XP level 2. HP: 24/24 MP: 1/4
    96 | Abyss:1  | Reached XP level 3. HP: 29/29 MP: 1/5
    96 | Abyss:1  | Reached XP level 4. HP: 35/35 MP: 1/6
   115 | D:1      | Escaped the Abyss
   344 | D:1      | Reached skill level 6 in Polearms
   627 | D:1      | Reached ** piety under Lugonu
   630 | D:1      | Reached XP level 5. HP: 29/41 MP: 7/7
  2124 | D:2      | Reached skill level 7 in Polearms
  2377 | D:3      | Noticed Robin
  2400 | D:3      | Killed Robin
  2764 | D:3      | Found a radiant altar of Vehumet.
  2792 | D:3      | Reached skill level 4 in Invocations
  2792 | D:3      | Reached XP level 6. HP: 29/47 MP: 7/9
  3008 | D:3      | Reached *** piety under Lugonu
  3105 | D:3      | Found an iron altar of Okawaru.
  3474 | D:4      | Noticed Pikel
  3474 | D:4      | Noticed a slave
  3474 | D:4      | Noticed a slave
  3474 | D:4      | Noticed a slave
  3474 | D:4      | Noticed a slave
  3948 | D:3      | Killed a slave
  4539 | D:4      | Reached skill level 8 in Polearms
  4762 | D:3      | Killed a slave
  5005 | D:3      | Killed a slave
  5227 | D:4      | Found Loam's Weapon Shoppe.
  5341 | D:4      | Found a shadowy altar of Dithmenos.
  5389 | D:4      | Noticed Edmund
  5445 | D:4      | Killed Edmund
  5445 | D:4      | Reached XP level 7. HP: 24/52 MP: 10/10
  5738 | D:4      | Reached skill level 9 in Polearms
  5744 | D:4      | Reached skill level 5 in Invocations
  5889 | D:5      | Entered Level 5 of the Dungeon
  6005 | D:4      | Found a runed door.
  6358 | D:5      | Reached skill level 10 in Polearms
  6765 | D:5      | Reached XP level 8. HP: 42/58 MP: 12/12
  7368 | D:6      | Reached skill level 6 in Invocations
  7386 | D:6      | Reached skill level 11 in Polearms
  7412 | D:5      | HP: 2/58 [worker ant (6)]
  8278 | D:6      | Reached skill level 12 in Polearms
  8420 | D:6      | Found a burning altar of Makhleb.
  8420 | D:6      | Noticed a blizzard demon
  8495 | D:6      | Found a radiant altar of Vehumet.
  8692 | D:6      | Found a blossoming altar of Fedhas.
  8694 | D:6      | Found a shimmering altar of Xom.
  8975 | D:3      | Killed Pikel
  8975 | D:3      | Reached skill level 13 in Polearms
  8975 | D:3      | Reached skill level 7 in Invocations
  8975 | D:3      | Reached XP level 9. HP: 35/64 MP: 14/14
  9214 | D:7      | Noticed Harold
  9233 | D:7      | Killed Harold
  9233 | D:7      | Reached skill level 14 in Polearms
  9233 | D:7      | Reached skill level 8 in Invocations
  9311 | D:7      | Reached **** piety under Lugonu
  9380 | D:7      | Found a shimmering altar of Xom.
  9480 | D:7      | Got a bloodstained robe
  9973 | D:7      | Found a staircase to the Ecumenical Temple.
 10324 | D:8      | Found a staircase to the Lair.
 10325 | D:8      | Noticed a komodo dragon
 10389 | D:8      | Found Dieconoj's Antique Weapon Boutique.
 10445 | D:8      | Reached skill level 15 in Polearms
 10449 | D:8      | Noticed Prince Ribbit
 10461 | D:8      | Killed Prince Ribbit
 10461 | D:8      | Reached XP level 10. HP: 58/70 MP: 16/16
 10475 | D:8      | Noticed Maurice
 10497 | D:8      | Reached skill level 9 in Invocations
 10511 | D:8      | Killed Maurice
 10813 | D:8      | Found a basalt altar of Yredelemnul.
 10963 | D:8      | Noticed Erica
 10967 | D:8      | Killed Erica
 10967 | D:8      | Reached skill level 16 in Polearms
 10967 | D:8      | Reached skill level 1 in Throwing
 10967 | D:8      | Reached skill level 3 in Dodging
 11608 | D:9      | Found a staircase to the Orcish Mines.
 11636 | D:9      | Reached skill level 4 in Fighting
 11678 | D:8      | Reached skill level 4 in Dodging
 11922 | D:9      | Reached skill level 2 in Throwing
 12541 | D:9      | Reached skill level 10 in Invocations
 12813 | D:9      | Reached skill level 3 in Throwing
 12813 | D:9      | Reached skill level 5 in Dodging
 12841 | D:9      | Reached skill level 5 in Fighting
 12841 | D:9      | Reached XP level 11. HP: 34/77 MP: 14/18
 13133 | D:9      | Found a white marble altar of Elyvilon.
 13454 | D:4      | Noticed Crazy Yiuf
 13459 | D:4      | Killed Crazy Yiuf
 13586 | D:10     | Entered Level 10 of the Dungeon
 14118 | D:10     | Noticed Psyche
 14119 | D:10     | Noticed Psyche
 14119 | D:10     | Psyche changed into Psyche the naga
 14130 | D:10     | Killed Psyche the naga
 14588 | D:11     | Reached skill level 6 in Dodging
 14787 | D:11     | Reached skill level 1 in Evocations
 14842 | D:11     | Noticed a manticore
 14865 | D:11     | Killed a manticore
 14865 | D:11     | Reached skill level 4 in Throwing
 15235 | D:11     | Noticed a green ugly thing
 15255 | D:11     | Killed a green ugly thing
 15692 | D:11     | Reached skill level 6 in Fighting
 15930 | D:11     | Reached skill level 2 in Evocations
 16191 | D:11     | Found Piplas's Magic Scroll Boutique.
 16202 | D:11     | Bought a scroll of fear for 42 gold pieces
 16202 | D:11     | Bought a scroll of torment for 90 gold pieces
 16202 | D:11     | Bought a scroll of blinking for 90 gold pieces
 16202 | D:11     | Bought a scroll of blinking for 90 gold pieces
 16202 | D:11     | Bought a scroll of identify for 24 gold pieces
 16202 | D:11     | Bought a scroll of identify for 24 gold pieces
 16202 | D:11     | Bought a scroll of identify for 24 gold pieces
 16202 | D:11     | Bought a scroll of fear for 42 gold pieces
 16397 | Lair:1   | Entered Level 1 of the Lair of Beasts
 16505 | Orc:1    | Entered Level 1 of the Orcish Mines
 16505 | Orc:1    | Noticed an orc knight
 16578 | D:9      | Reached ***** piety under Lugonu
 16578 | D:9      | Banished an orc knight
 16578 | D:9      | Reached skill level 17 in Polearms
 16866 | Orc:1    | Reached skill level 7 in Dodging
 17095 | Orc:2    | Entered Level 2 of the Orcish Mines
 17095 | Orc:2    | Found Uvaarour's Jewellery Shop.
 17178 | Orc:2    | Bought a cursed ring of attention for 72 gold pieces
 17195 | Orc:2    | Noticed an orc sorcerer
 17233 | Orc:2    | Killed an orc sorcerer
 17308 | Orc:2    | Reached skill level 3 in Evocations
 17319 | Orc:1    | Found a roughly hewn altar of Beogh.
 17319 | Orc:1    | Noticed a cyclops
 17319 | Orc:1    | Noticed an orc warlord
 17319 | Orc:1    | Noticed an orc sorcerer
 17319 | Orc:1    | Noticed an orc sorcerer
 17319 | Orc:1    | Noticed a cyclops
 17425 | Orc:2    | Found Dicehow's Jewellery Emporium.
 17681 | Orc:1    | Reached skill level 5 in Throwing
 17815 | Orc:2    | Noticed an orc knight
 17820 | Orc:2    | Reached XP level 12. HP: 70/89 MP: 20/20
 18132 | Orc:2    | Reached skill level 11 in Invocations
 18382 | Orc:2    | Reached skill level 8 in Dodging
 18389 | Orc:2    | Reached skill level 7 in Fighting
 18538 | Orc:2    | Found Qour's General Store.
 18546 | Orc:2    | Bought a scroll of identify for 32 gold pieces
 18854 | Orc:1    | Reached skill level 4 in Evocations
 19211 | Orc:1    | Noticed a stone giant
 19211 | Orc:1    | an orc warlord changed into a stone giant
 19222 | Orc:1    | Killed a stone giant
 19485 | Orc:1    | Reached skill level 6 in Throwing
 19830 | Orc:2    | Found a burning altar of Makhleb.
 19846 | Orc:2    | Reached skill level 9 in Dodging
 19989 | Orc:2    | Found a staircase to the Elven Halls.
 20158 | Orc:2    | Identified the +1 robe "Kaac" {rC++ Dex+4} (You took it off
                  | a centaur on level 7 of the Dungeon)
 20204 | Orc:2    | Found Nofoul's Armour Boutique.
 20204 | Orc:2    | Found Wiqoig's Weapon Emporium.
 20204 | Orc:2    | Found Gaxtig's Weapon Shoppe.
 20207 | Orc:2    | Found Fopteulu's General Store.
 20211 | Orc:2    | Bought a +1 pair of boots of flying for 181 gold pieces
 20224 | Orc:2    | Bought a scroll of noise for 15 gold pieces
 20597 | Lair:1   | Reached skill level 5 in Evocations
 20791 | Lair:1   | Reached skill level 8 in Fighting
 20810 | Lair:1   | Reached XP level 13. HP: 77/98 MP: 21/21
 20969 | Lair:1   | Reached ****** piety under Lugonu
 20995 | Lair:1   | Reached skill level 18 in Polearms
 21626 | Lair:2   | Found a hole to the Spider Nest.
 21656 | Lair:2   | Reached skill level 7 in Throwing
 21835 | Lair:2   | Reached skill level 10 in Dodging
 21844 | Lair:2   | Reached skill level 6 in Evocations
 21978 | Lair:2   | Found a snail-covered altar of Cheibriados.
 22234 | Lair:2   | Found a staircase to the Shoals.
 22283 | Lair:2   | Reached skill level 12 in Invocations
 23056 | Lair:3   | Reached skill level 9 in Fighting
 23178 | Lair:3   | Found a dark tunnel.
 23193 | Volcano  | Entered a volcano
 23890 | Lair:3   | Reached skill level 7 in Evocations
 23892 | Lair:3   | Reached XP level 14. HP: 97/108 MP: 23/23
 24302 | Lair:4   | Reached skill level 8 in Throwing
 24416 | Lair:4   | Reached skill level 11 in Dodging
 25374 | Lair:5   | Found a viscous altar of Jiyva.
 25374 | Lair:5   | Found a staircase to the Slime Pits.
 25656 | Lair:6   | Entered Level 6 of the Lair of Beasts
 25677 | Lair:6   | Learned a level 2 spell: Blink
 25906 | Lair:6   | Found an iron altar of Okawaru.
 26235 | Lair:6   | Noticed Nessos
 26252 | Lair:6   | Killed Nessos
 26252 | Lair:6   | Reached skill level 10 in Fighting
 26462 | Lair:6   | Reached skill level 19 in Polearms
 26786 | Lair:6   | Reached skill level 13 in Invocations
 26786 | Lair:6   | Reached skill level 8 in Evocations
 27086 | Lair:6   | Reached skill level 9 in Throwing
 27158 | Lair:6   | Reached skill level 12 in Dodging
 27778 | D:12     | Reached XP level 15. HP: 95/117 MP: 24/24
 28568 | D:12     | Noticed Josephine
 28586 | D:12     | Killed Josephine
 28859 | D:12     | Found a portal to a secret trove of treasure.
 29221 | D:13     | Reached skill level 11 in Fighting
 29674 | D:13     | Reached skill level 9 in Evocations
 29865 | D:13     | Found a gate to the Vaults.
 30573 | D:14     | Reached skill level 13 in Dodging
 30628 | D:14     | Noticed Snorg
 30637 | D:14     | Killed Snorg
 30873 | D:14     | Found a hide-covered altar of Uskayaw.
 30975 | D:14     | Reached skill level 10 in Throwing
 31173 | D:15     | Entered Level 15 of the Dungeon
 31501 | D:15     | Reached skill level 20 in Polearms
 31738 | D:15     | Reached XP level 16. HP: 87/126 MP: 20/26
 31922 | D:15     | Reached skill level 14 in Invocations
 32050 | D:15     | Found a staircase to the Depths.
 32492 | D:15     | Learned a level 2 spell: Corpse Rot
 32938 | Shoals:1 | Entered Level 1 of the Shoals
 33007 | Shoals:1 | Reached skill level 12 in Fighting
 33046 | Shoals:1 | Reached skill level 10 in Evocations
 33906 | Shoals:2 | Found Cotocs's Jewellery Boutique.
 33943 | Shoals:2 | Bought the ring of Ijairph {MR+ SInv Stlth+} for 395 gold
                  | pieces
 34147 | Shoals:2 | Reached skill level 14 in Dodging
 34445 | Shoals:2 | Reached skill level 11 in Throwing
 34991 | Shoals:2 | Identified a scroll of acquirement
 36182 | Shoals:4 | Entered Level 4 of the Shoals
 36915 | Shoals:4 | Noticed Polyphemus
 36951 | Shoals:3 | Reached XP level 17. HP: 77/135 MP: 15/28
 37060 | Shoals:4 | Killed Polyphemus
 37644 | Shoals:4 | Identified the Compendium of the Assistive Voyage
 38057 | Shoals:4 | Reached skill level 13 in Fighting
 38057 | Shoals:4 | Reached skill level 15 in Invocations
 38397 | Shoals:4 | Reached skill level 15 in Dodging
 38641 | Shoals:4 | Reached skill level 21 in Polearms
 39100 | Shoals:4 | Got a barnacled rune of Zot
 39792 | Elf:1    | Entered Level 1 of the Elven Halls
 39887 | Elf:1    | Noticed Donald
 39979 | Orc:2    | Killed Donald
 40331 | Elf:1    | Reached skill level 12 in Throwing
 40334 | Elf:1    | Noticed Asterion
 40345 | Elf:1    | Killed Asterion
 40502 | Elf:1    | Noticed Azrael
 40528 | Elf:1    | Killed Azrael
 40551 | Elf:1    | Found a runed gate.
 40552 | Elf:1    | Found a runed gate.
 40553 | Elf:1    | Found a runed gate.
 40554 | Elf:1    | Found an opulent altar of Gozag.
 40555 | Elf:1    | Noticed Zateod's ghost (adept OgTm)
 40557 | Elf:1    | Found Laitara's Assorted Antiques.
 41324 | Elf:1    | Got a pair of shimmering boots
 41335 | Elf:1    | Identified the +2 pair of boots of Beogh's Generosity {rN+}
                  | (You acquired it on level 1 of the Elven Halls)
 41903 | Elf:1    | Reached skill level 22 in Polearms
 42119 | Elf:1    | Reached XP level 18. HP: 32/145 MP: 29/29
 42782 | Elf:2    | Found Goufif's Book Shop.
 42791 | Elf:2    | Found Raiss's Magic Scroll Emporium.
 42805 | Elf:2    | Found Koasiedi's Assorted Antiques.
 42808 | Elf:2    | Bought a scroll of identify for 38 gold pieces
 42808 | Elf:2    | Bought a scroll of teleportation for 57 gold pieces
 42808 | Elf:2    | Bought a scroll of magic mapping for 66 gold pieces
 42808 | Elf:2    | Bought a scroll of vulnerability for 142 gold pieces
 42811 | Elf:2    | Bought a potion of curing for 111 gold pieces
 42811 | Elf:2    | Bought a potion of cancellation for 296 gold pieces
 42811 | Elf:2    | Bought a scroll of vulnerability for 277 gold pieces
 42864 | Elf:2    | Found a huge runed gate.
 42866 | Elf:2    | Found a huge runed gate.
 42866 | Elf:2    | Found a huge runed gate.
 42867 | Elf:2    | Found a huge runed gate.
 42867 | Elf:2    | Found a huge runed gate.
 42952 | Elf:2    | Reached skill level 16 in Dodging
 43101 | Elf:2    | Reached skill level 14 in Fighting
 43121 | Elf:2    | Found Juen's Gadget Boutique.
 43165 | Elf:2    | Found Umugryip's Jewellery Emporium.
 43708 | Elf:2    | Noticed a deep elf blademaster
 43736 | Elf:2    | Killed a deep elf blademaster
 44494 | Elf:3    | Entered Level 3 of the Elven Halls
 44731 | Elf:3    | Reached skill level 23 in Polearms
 45122 | Elf:3    | Reached skill level 13 in Throwing
 45362 | Elf:3    | Cast into level 2 of the Abyss (a deep elf sorcerer)
 45364 | Elf:3    | Escaped the Abyss
 45772 | Elf:3    | Got a sparkling ivory amulet
 45867 | Elf:3    | Identified the amulet of Eternal Harmony {Spirit Dex+4}
                  | (You took it off a deep elf death mage on level 3 of the
                  | Elven Halls)
 45891 | Elf:3    | Noticed a deep elf master archer
 45917 | Elf:3    | Killed a deep elf master archer
 45925 | Elf:3    | Reached XP level 19. HP: 62/153 MP: 30/30
 45943 | Elf:3    | HP: 5/153 [deep elf blademaster/rapier of flaming (5)]
 46128 | Elf:3    | Escaped the Abyss
 46142 | Elf:3    | Demolished by an earth elemental

Vault maps used:
D:1:      dpeg_arrival_snail, minmay_tromino_i2
D:3:      okawaru_altar_gauntlet_db, vehumet_crystals, uniq_robin
D:4:      grunt_dithmenos_smoke, serial_shops, nicolae_shop_window_shopping,
          first_ration, grunt_decor_cap, uniq_crazy_yiuf_cottage, uniq_edmund,
          uniq_pikel
D:5:      old_forge
D:6:      makhleb_altar_promises_db, nicolae_overflow_hidden_temple,
          basic_altar, grunt_decor_arrowhead, kennysheep_generic_room_5
D:7:      minmay_temple_entry_enclosed_plants, grunt_ogre_cave,
          xom_confusion_cloud, uniq_harold
D:8:      yredelemnul_altar_generic, david_lair_shrubbed, serial_shops, shop,
          uniq_erica, uniq_prince_ribbit1, uniq_maurice
D:9:      kennysheep_mini, kennysheep_orc_monster_closet_entryway,
          patterned_corridor
D:10:     roderic_filled_cross, minivault_10, kennysheep_cluttered_room,
          uniq_psyche
D:11:     serial_shops, shop
D:12:     enter_trove_5, uniq_josephine
D:13:     erik_vaults_1
D:14:     basic_altar, uniq_snorg
D:15:     grunt_enter_depths_hoard, hangedman_abyss_or_decor_clamps
Lair:1:   eino_small_chamber_without_monster, serial_bayou_shore_b
Lair:2:   elwin_shoals_entry_rocks, spider_nest_entry_web_field, st_stairs_7,
          lemuel_centaur_altar, lemuel_fruit_tree, serial_bayou_shore_a
Lair:3:   enter_volcano_1, grunt_forest_large_clearings,
          infiniplex_staircase_pool_2, grunt_megastairs_2
Lair:4:   grunt_megastairs_4, lemuel_fruit_fields
Lair:5:   slime_altar_1, minivault_11
Lair:6:   evilmike_catoblepas_cave, basic_altar, hangedman_lair_unloving_vines,
          uniq_nessos
Shoals:1: nicolae_shoals_cliffside_cave
Shoals:2: serial_shops, nicolae_shop_statue_plus, ldierk_geyser,
          nicolae_shoals_drake_roost
Shoals:4: shoals_end_simple, nicolae_shoals_wave_tunnel, uniq_polyphemus
Orc:1:    basic_altar, nicolae_orc_lava_tube
Orc:2:    st_orc_rangers, serial_shops, shop, nicolae_shop_stone, shop,
          basic_altar, lightli_orcish_oven
Elf:1:    ebering_ghost_gozag, hangedman_corner_corridor, dk_noncrumbling_2,
          uniq_asterion, uniq_azrael, uniq_donald
Elf:2:    serial_shops, nicolae_shop_trees, shop, shop, shop, shop,
          onia_ninara_cookie
Elf:3:    minmay_elf_hall_not_hex, serial_glass, glass_columns_a,
          glass_columns_a, minmay_strange_pillars, minmay_strange_pillars,
          due_unseen_surprise
Abyss:1:  guppyfry_abyss_exit_glass_guarded
Volcano:  volcano_bunker

Skill      XL: |  1  2  3  4  5  6  7  8  9 10 11 12 13 14 15 16 17 18 |
---------------+-------------------------------------------------------+-----
Polearms       | 5 6 7 8 10 13 15 16 17 18 19 20 22 23 | 23.6
Invocations    | 3 4 5 7 8 10 11 12 13 14 15 | 15.0
Throwing       | 3 5 6 7 9 10 11 12 13 | 13.3
Dodging        | 5 7 9 10 12 13 14 15 16 | 16.9
Fighting       | 5 6 8 9 10 11 12 13 14 | 14.7
Evocations     | 3 5 7 8 9 10 | 10.0
Armour         | |  0.6

Action                   |  1- 3 |  4- 6 |  7- 9 | 10-12 | 13-15 | 16-18 | 19-21 || total
-------------------------+-------+-------+-------+-------+-------+-------+-------++-------
Melee: Spear             |    18 |   542 |   518 |       |       |       |       ||  1078
       Trident           |       |       |    23 |   887 |    10 |       |       ||   920
       Glaive            |       |       |       |   269 |  1626 |   417 |       ||  2312
       Bardiche          |       |       |       |       |       |  1184 |    15 ||  1199
       Tailslap          |       |       |       |       |       |    29 |       ||    29
Throw: Tomahawk          |       |     4 |       |     5 |    25 |    58 |       ||    92
       Throwing net      |       |       |       |       |       |     8 |     3 ||    11
Invok: Bend Space        |       |     2 |       |     1 |     2 |     4 |     1 ||    10
       Banish            |       |       |     1 |     3 |     7 |       |       ||    11
       Depart the Abyss  |       |       |       |       |       |     1 |     1 ||     2
       Enter the Abyss   |       |       |       |       |       |       |     1 ||     1
 Abil: Stop Flying       |       |       |       |       |       |     1 |       ||     1
       Evoke Flight      |       |       |       |       |       |     1 |       ||     1
Evoke: Wand              |       |       |       |    17 |     7 |    33 |     3 ||    60
  Use: Scroll            |       |     5 |     3 |     8 |     8 |    18 |       ||    42
       Potion            |       |     2 |     3 |     2 |     1 |     5 |     3 ||    16
 Stab: Sleeping          |       |     2 |       |       |     1 |    12 |       ||    15
       Invisible         |       |     2 |       |     7 |       |     1 |       ||    10
       Paralysed         |       |       |       |       |    17 |     5 |       ||    22
       Petrified         |       |       |       |       |     3 |     2 |       ||     5
       Distracted        |       |       |       |       |     2 |     5 |       ||     7
       Petrifying        |       |       |       |       |       |     2 |       ||     2
       Held in net/web   |       |       |       |       |       |     1 |     1 ||     2
  Eat: Chunk             |       |     4 |    10 |    32 |    37 |    38 |     1 ||   122
       Ration            |       |     3 |     2 |     1 |     1 |     2 |       ||     9
Armor: Leather armour    |       |    22 |       |       |       |       |       ||    22
       Ring mail         |       |   109 |    91 |    98 |       |       |       ||   298
       Troll leather arm |       |       |       |    61 |   151 |   144 |       ||   356
       Robe              |       |       |       |       |     5 |       |       ||     5
Dodge: Dodged            |       |   187 |   127 |   589 |   924 |  1142 |    15 ||  2984
Block: Other             |       |       |       |       |    71 |    11 |       ||    82
       Reflection        |       |       |       |       |     2 |       |       ||     2

Table legend:
 A = Non-vault XP
 B = Vault XP
 C = Vault XP percentage of total XP
 D = Non-vault monster count
 E = Vault monster count
 F = Vault count percentage of total count
                 A         B        C        D         E       F
            +---------+---------+-------+---------+---------+-------
      Total |  187378 |  135992 |  42.1 |     699 |     315 |  31.1
            +---------+---------+-------+---------+---------+-------
        D:1 |      54 |       3 |   5.3 |      24 |       2 |   7.7
        D:2 |      87 |       0 |   0.0 |      25 |       0 |   0.0
        D:3 |      56 |     695 |  92.5 |      19 |      17 |  47.2
        D:4 |     244 |     206 |  45.8 |      12 |       2 |  14.3
        D:5 |     224 |     318 |  58.7 |      11 |      11 |  50.0
        D:6 |     761 |      70 |   8.4 |      15 |       1 |   6.2
        D:7 |     496 |    1087 |  68.7 |      14 |       2 |  12.5
        D:8 |     506 |    2310 |  82.0 |       7 |       6 |  46.2
        D:9 |    1106 |    1780 |  61.7 |      14 |      18 |  56.2
       D:10 |    1244 |     172 |  12.1 |      24 |       1 |   4.0
       D:11 |    4777 |       0 |   0.0 |      26 |       0 |   0.0
       D:12 |   11340 |    2815 |  19.9 |      51 |       6 |  10.5
       D:13 |   11347 |    1808 |  13.7 |      30 |       2 |   6.2
       D:14 |    7354 |    1202 |  14.0 |      27 |       1 |   3.6
       D:15 |   20894 |    1947 |   8.5 |      45 |       2 |   4.3
     Lair:1 |    7397 |       0 |   0.0 |      38 |       0 |   0.0
     Lair:2 |    5090 |     536 |   9.5 |      24 |       5 |  17.2
     Lair:3 |    2112 |    3519 |  62.5 |      10 |      29 |  74.4
     Lair:4 |    3327 |     299 |   8.2 |      11 |       2 |  15.4
     Lair:5 |    1584 |     892 |  36.0 |       6 |       1 |  14.3
     Lair:6 |    7717 |   13360 |  63.4 |      25 |      23 |  47.9
   Shoals:1 |    7878 |       0 |   0.0 |      16 |       0 |   0.0
   Shoals:2 |   11193 |    2194 |  16.4 |      23 |       9 |  28.1
   Shoals:3 |    6571 |     915 |  12.2 |      12 |       1 |   7.7
   Shoals:4 |   16252 |   20640 |  55.9 |      35 |      39 |  52.7
      Orc:1 |    6147 |    1264 |  17.1 |      46 |       8 |  14.8
      Orc:2 |    6486 |    6530 |  50.2 |      28 |      38 |  57.6
      Elf:1 |   17745 |    9961 |  36.0 |      36 |      16 |  30.8
      Elf:2 |   12614 |   29241 |  69.9 |      21 |      42 |  66.7
      Elf:3 |   14654 |   25323 |  63.3 |      23 |      20 |  46.5
    Abyss:1 |     121 |       0 |   0.0 |       1 |       0 |   0.0
    Volcano |       0 |    6905 | 100.0 |       0 |      11 | 100.0
            +---------+---------+-------+---------+---------+-------
